 Dungeon Crawl Stone Soup version 0.30-a0-1053-gbd8d5ba0ad (webtiles) character file.

Game seed: 10162719361173148024

9136 qeuew the Grappler (level 11, 0/119 HPs)
             Began as a Troll Fighter on Apr 11, 2023.
             Slain by a cane toad (13 damage)
             ... on level 1 of the Lair of Beasts.
             The game lasted 00:08:16 (6553 turns).

qeuew the Grappler (Troll Fighter)                  Turns: 6553, Time: 00:08:16

Health: 0/119      AC:  4    Str: 27    XL:     11   Next: 19%
Magic:  10/10      EV: 10    Int:  8    God:
Gold:   564        SH:  9    Dex: 10    Spells: 10/10 levels left

rFire   . . .      SeeInvis .      - Unarmed
rCold   . . .      Faith    .    b - +0 kite shield
rNeg    . . .      Spirit   .    a - +0 robe
rPois   .          Reflect  .    (helmet restricted)
rElec   .          Rampage  .    (no cloak)
rCorr   .          Rage     3%   (gloves unavailable)
Will    .....                    (boots unavailable)
Stlth   +                        (no amulet)
HPRegen 1.19/turn                (no ring)
MPRegen 0.12/turn                (no ring)

@: mighty, lethally poisoned (0 -> -8), on berserk cooldown, slowed, studying
Dodging, very slow
A: large, unfitting armour, claws 3, regeneration 1, shaggy fur 1, tough skin 1,
berserk 1, clever 1, robust 1
a: no special abilities


You were on level 1 of the Lair of Beasts.
You visited 3 branches of the dungeon, and saw 10 of its levels.

You collected 564 gold pieces.

Inventory:

Armour
 a - a +0 robe (worn)
 b - a +0 kite shield (worn)
Jewellery
 h - an amulet of faith
Wands
 f - a wand of roots (14)
 p - a wand of flame (12)
Scrolls
 d - 3 scrolls of identify {unknown}
 e - 3 scrolls of teleportation
 i - a scroll of summoning
 l - a scroll of fog
 m - a scroll of fear
 q - a scroll of magic mapping
 t - a scroll of amnesia
 u - a scroll of poison {unknown}
Potions
 c - a potion of haste
 g - 2 potions of resistance {unknown}
 j - a potion of berserk rage
 k - a potion of mutation
 n - 2 potions of flight {unknown}
 o - a potion of might
 s - a potion of curing


   Skills:
 + Level 7.1 Fighting
 + Level 7.5 Dodging
 + Level 7.7 Shields
 * Level 11.3 Unarmed Combat


You had 10 spell levels left.
You didn't know any spells.
Your spell library contained the following spells:

 Spells                   Type           Power      Damage    Failure   Level
 Sting                    Tmut/Pois      0%         1d3       65%         1
 Blink                    Tloc           0%         N/A       78%         2
 Lesser Beckoning         Tloc           0%         N/A       78%         2
 Momentum Strike          Conj/Tloc      0%         3d8       78%         2
 Poisonous Vapours        Pois/Air       0%         N/A       78%         2
 Ozocubu's Armour         Ice            0%         N/A       95%         3
 Olgreb's Toxic Radiance  Pois           0%         N/A       100%        4
 Ozocubu's Refrigeration  Ice            0%         4d7       100%        7


Dungeon Overview and Level Annotations

Branches:
Dungeon (8/15)             Temple (1/1) D:5            Lair (1/5) D:8

Altars:
Ashenzari
Cheibriados
Elyvilon
Fedhas
Gozag
Hepliaklqana
Kikubaaqudgha
Makhleb
Nemelex Xobeh
Okawaru
Qazlal
Ru
Sif Muna
Trog
Uskayaw
Vehumet
Wu Jian
Xom
Yredelemnul
The Shining One

Annotations:
D:5 2 transporters, BillyBaka's ghost, novice DrWn


Innate Abilities, Weirdness & Mutations

You are too large for most types of armour.
You have claws for hands.
Your natural rate of healing is unusually fast.
You are covered in fur. (AC +1)
You have tough skin. (AC +1)
You sometimes lose your temper in combat.
Your mind is acute. (Int +4, Str/Dex -1)
You are robust. (+10% HP)


Message History

You feel strangely unstable. You block the wolf's attack. The wolf bites you!
You block the wolf's attack. The wolf bites you but does no damage.
The wolf barely misses you. The wolf misses you.
The bullfrog swells and bulges.
The wolf bites you. You block the wolf's attack. The wolf closely misses you.
The wolf bites you. x2; The wolf bites you!
* * * LOW HITPOINT WARNING * * *
The wolf attacks as you move away! You block the wolf's attack. x2
The wolf completely misses you. The wolf bites you!
* * * LOW HITPOINT WARNING * * *
The wolf barely misses you. The wolf bites you.
* * * LOW HITPOINT WARNING * * *
The wolf bites you but does no damage. x2
Unknown command.
The wolf attacks as you move away! The wolf bites you but does no damage.
Your surroundings suddenly seem different.
A komodo dragon comes into view.
The komodo dragon hisses angrily.
The cane toad stings you!
* * * LOW HITPOINT WARNING * * *
You are poisoned.
The cane toad poisons you!
You feel much better.
You feel very sick. The cane toad stings you!!
* * * LOW HITPOINT WARNING * * *
The cane toad barely misses you.
You feel very mighty all of a sudden.
You feel very sick. The cane toad stings you!
* * * LOW HITPOINT WARNING * * *
You are more poisoned.
The cane toad poisons you!
The komodo dragon hisses menacingly.
You claw the cane toad!
The cane toad is moderately wounded.
* * * LOW HITPOINT WARNING * * *
You feel very sick. The cane toad stings you!
You die...

#...##.#...
#
#.........#
#
#..........
#..........
...
#.........#
....
#........##
#...
#.##P###.#
F... #F# ##
.. .... #@#
. . #.+ #l#
#.. #.# #.#
#.# #..


You could see a komodo dragon and a cane toad.

Vanquished Creatures
  Fannar (Lair:1)
  Pikel (D:7)
  A cyclops (D:8)
  3 cane toads
  A komodo dragon (Lair:1)
  A rime drake (Lair:1)
  A polar bear (Lair:1)
  A troll (D:7)
  A slime creature (D:8)
  3 wyverns (D:8)
  Sigmund (D:2)
  9 yaks
  A steam dragon (D:8)
  A basilisk (D:8)
  Duvessa (D:5)
  7 water moccasins
  An ice beast (D:7)
  An orc warrior (D:8)
  2 black bears
  A sky beast (D:7)
  A wolf (Lair:1)
  2 ogres
  2 centaurs (D:8)
  A lemure (D:7)
  A kobold brigand (D:6)
  2 phantoms
  Blork the orc (D:5)
  6 bullfrogs
  4 scorpions
  A wight (D:8)
  Dowan (D:5)
  A howler monkey (D:8)
  2 jellies
  4 orc priests
  4 hounds
  Crazy Yiuf (D:5)
  3 sleepcaps
  Terence (D:3)
  3 iguanas
  6 orc wizards
  4 gnolls (D:8)
  7 adders
  An ufetubus (D:7)
  A worm (D:4)
  3 dart slugs
  28 orcs
  8 ball pythons
  A bat zombie (D:5)
  7 endoplasms
  3 giant cockroaches
  5 goblins
  3 hobgoblins
  5 jackals
  10 kobolds
  A quokka (D:2)
  4 bats
  2 frilled lizards
  5 rats
184 creatures vanquished.

Vanquished Creatures (others)
  A bush (D:8)
  5 fungi
  23 plants
29 creatures vanquished.

Grand Total: 213 creatures vanquished

Notes
Turn   | Place    | Note
-------+----------+-------------------------------------------
     0 | D:1      | qeuew the Troll Fighter began the quest for the Orb.
     0 | D:1      | Reached XP level 1. HP: 22/22 MP: 0/0
    74 | D:1      | Reached XP level 2. HP: 29/29 MP: 1/1
   522 | D:2      | Reached XP level 3. HP: 28/36 MP: 2/2
   627 | D:2      | Noticed Sigmund
   638 | D:2      | Killed Sigmund
   639 | D:2      | Reached skill level 3 in Unarmed Combat
   639 | D:2      | Reached XP level 4. HP: 22/45 MP: 3/3
   639 | D:2      | Reached XP level 5. HP: 26/53 MP: 4/4
  1213 | D:3      | Reached skill level 4 in Unarmed Combat
  1237 | D:3      | Reached XP level 6. HP: 19/61 MP: 5/5
  1550 | D:3      | Found a shimmering blue altar of Sif Muna.
  1552 | D:3      | Found a blossoming altar of Fedhas.
  1552 | D:3      | Found an ornate altar of the Wu Jian Council.
  1553 | D:3      | Found a basalt altar of Yredelemnul.
  1678 | D:3      | Noticed Terence
  1682 | D:3      | Killed Terence
  1843 | D:3      | Found a snail-covered altar of Cheibriados.
  2435 | D:4      | Reached skill level 5 in Unarmed Combat
  2435 | D:4      | Reached XP level 7. HP: 65/68 MP: 6/6
  2718 | D:5      | Entered Level 5 of the Dungeon
  2726 | D:5      | Found a staircase to the Ecumenical Temple.
  2757 | D:5      | Noticed BillyBaka's ghost (novice DrWn)
  2759 | D:5      | Found a transporter.
  2759 | D:5      | Identified the +6 dire flail "Cagoegh" {flame, rElec rC+
                  | Int-5 SInv}
  2762 | D:5      | Found a transporter.
  2775 | Temple   | Entered the Ecumenical Temple
  3064 | D:5      | Noticed Duvessa
  3065 | D:5      | Noticed Dowan
  3077 | D:5      | Killed Dowan
  3081 | D:5      | Killed Duvessa
  3082 | D:5      | Reached skill level 6 in Unarmed Combat
  3135 | D:5      | Found a glowing golden altar of the Shining One.
  3161 | D:5      | Reached XP level 8. HP: 65/78 MP: 7/7
  3350 | D:5      | Noticed Blork the orc
  3360 | D:5      | Killed Blork the orc
  3629 | D:5      | Reached skill level 5 in Shields
  3678 | D:5      | Found an ancient bone altar of Kikubaaqudgha.
  3873 | D:5      | Found a broken altar of Ashenzari.
  4069 | D:5      | Found a runed translucent door.
  4070 | D:5      | Noticed Crazy Yiuf
  4079 | D:5      | Killed Crazy Yiuf
  4184 | D:6      | Reached skill level 7 in Unarmed Combat
  4362 | D:6      | Reached skill level 5 in Fighting
  4440 | D:6      | Found a hazy altar of Hepliaklqana.
  4450 | D:6      | Reached skill level 5 in Dodging
  4450 | D:6      | Reached XP level 9. HP: 84/88 MP: 8/8
  4629 | D:6      | Gained mutation: You are clumsy. (Dex -2) [potion of
                  | mutation]
  4631 | D:6      | Lost mutation: You are clumsy. (Dex -2) [potion of
                  | mutation]
  4631 | D:6      | Gained mutation: Your mind is acute. (Int +4, Str/Dex -1)
                  | [potion of mutation]
  4631 | D:6      | Gained mutation: You sometimes lose your temper in combat.
                  | [potion of mutation]
  4631 | D:6      | Gained mutation: You are robust. (+10% HP) [potion of
                  | mutation]
  4645 | D:7      | Noticed Pikel
  4646 | D:7      | Found a white marble altar of Elyvilon.
  4660 | D:7      | Killed Pikel
  4661 | D:7      | Reached skill level 8 in Unarmed Combat
  4762 | D:7      | Noticed a troll
  4765 | D:7      | Killed a troll
  5058 | D:7      | Reached skill level 9 in Unarmed Combat
  5296 | D:8      | Noticed a cyclops
  5306 | D:8      | Killed a cyclops
  5307 | D:8      | Reached XP level 10. HP: 78/107 MP: 9/9
  5492 | D:8      | HP: 7/160 [yak (14)]
  5499 | D:8      | Reached skill level 10 in Unarmed Combat
  5595 | D:8      | Found a staircase to the Lair.
  6037 | Lair:1   | Entered Level 1 of the Lair of Beasts
  6054 | Lair:1   | Noticed a cane toad
  6079 | D:8      | Killed a cane toad
  6277 | Lair:1   | Reached skill level 11 in Unarmed Combat
  6441 | Lair:1   | Reached XP level 11. HP: 114/117 MP: 10/10
  6516 | Lair:1   | Noticed Fannar
  6529 | Lair:1   | Killed Fannar
  6553 | Lair:1   | Slain by a cane toad

Illustrated notes

Levels and vault maps discovered:
D:1:      spicycebolla_arrival_clurvy, layout_basic
D:2:      layout_basic, uniq_sigmund
D:3:      cheibrodos_pilgrimage, layout_loops_corners, chei_slow_surprise,
          grunt_temple_overflow_open, kennysheep_cluttered_room,
          kennysheep_generic_room_10, uniq_terence
D:4:      layout_basic
D:5:      layout_loops_corners, mainiacjoe_overflow_brackets,
          lemuel_zombie_altar_kikubaaqudgha, nicolae_ashenzari_skybound,
          minmay_temple_entry_overgrown, gammafunk_ghost_smash,
          uniq_blork_the_orc, uniq_duvessa, uniq_crazy_yiuf_cottage
D:6:      layout_cave_pools, nicolae_hepliaklqana_hazy_memory
D:7:      layout_rooms, mainiacjoe_overflow_catwalk, uniq_pikel
D:8:      layout_basic, minmay_lair_entry_grove, minmay_manual_mullet
Temple:   eino_temple_lava
Lair:1:   layout_regular_city, chequers_serial_rivers_room_b,
          serial_bayou_shore_b, grunt_megastairs_3, uniq_fannar

Skill      XL: |  1  2  3  4  5  6  7  8  9 10 11 |
---------------+----------------------------------+-----
Shields        | 3 4 5 6 7 |  7.7
Fighting       | 3 4 5 6 7 |  7.1
Dodging        | 3 4 5 7 |  7.5
Unarmed Combat | 3 4 5 6 7 9 11 | 11.3

Action                     |  1- 3 |  4- 6 |  7- 9 | 10-12 || total
---------------------------+-------+-------+-------+-------++-------
  Melee: Unarmed           |    71 |   115 |   280 |   180 ||   646
    Use: Potion            |     3 |     3 |     7 |     4 ||    17
         Scroll            |     1 |     5 |     5 |     1 ||    12
   Stab: Sleeping          |       |     1 |     1 |       ||     2
         Invisible         |       |       |     3 |       ||     3
         Distracted        |       |       |       |     1 ||     1
 Armour: Robe              |    36 |    49 |    53 |    25 ||   163
  Dodge: Dodged            |    30 |    49 |   109 |    47 ||   235
  Block: Kite shield       |    33 |    58 |   115 |    71 ||   277

Table legend: (Time is in decaauts)
 A = Elapsed time spent in this place.
 B = Non-inter-level travel time spent in this place.
 C = Inter-level travel time spent in this place.
 D = Time resting spent in this place.
 E = Time spent auto-exploring this place.
 F = Levels seen in this place.
 G = Mean time per level.
                   A        B        C        D        E       F      G
               +--------+--------+--------+--------+--------+-----+--------+
         Total |   6623 |   6353 |    270 |     37 |   5001 |  10 |  662.3 |
       Dungeon |   6114 |   5851 |    263 |     37 |   4650 |   8 |  764.2 |
        Temple |     73 |     67 |      6 |      0 |     63 |   1 |   73.0 |
          Lair |    435 |    435 |      0 |      0 |    288 |   1 |  435.0 |
               +--------+--------+--------+--------+--------+-----+--------+

Top non-repeatable levels by time:
     D:5: 1318 daAuts
     D:3: 976 daAuts
     D:8: 974 daAuts
     D:2: 725 daAuts
     D:7: 557 daAuts
     D:4: 550 daAuts
     D:6: 535 daAuts
     D:1: 476 daAuts
  Lair:1: 435 daAuts
  Temple: 73 daAuts
